 Dungeon Crawl Stone Soup version 0.30-a0-161-gdd60e06945 (webtiles) character file.

Game seed: 4008888127030816646

482 qw the Chopper (level 7, -14/44 HPs)
             Began as a Gargoyle Fighter on Sept 27, 2022.
             Demolished by an orc warrior
             ... wielding a +0 war axe
              (16 damage)
             ... on level 4 of the Dungeon.
             The game lasted 00:01:21 (3920 turns).

qw the Chopper (Gargoyle Fighter)                   Turns: 3920, Time: 00:01:22

Health: -14/44     AC: 14    Str: 21    XL:     7   Next: 12%
Magic:  7/7        EV:  9    Int:  9    God:
Gold:   2          SH:  4    Dex:  9    Spells: 6/6 levels left

rFire   . . .      SeeInvis .    Y - +0 war axe
rCold   . . .      Faith    .    c - +0 buckler
rNeg    + . .      Spirit   .    b - +0 scale mail
rPois   inf        Reflect  .    f - +1 helmet
rElec   +          Harm     .    l - +0 cloak
rCorr   .          Rampage  .    (no gloves)
Will    .....                    (no boots)
Stlth   ..........               (no amulet)
HPRegen 0.14/turn                (no ring)
MPRegen 0.10/turn                (no ring)

@: about to teleport
A: sickness immunity, AC +4, negative energy resistance 1, electricity
resistance, torment resistance 1, petrification resistance
a: no special abilities


You were on level 4 of the Dungeon.
You visited 1 branch of the dungeon, and saw 4 of its levels.

You collected 232 gold pieces.
You spent 230 gold pieces at shops.


Innate Abilities, Weirdness & Mutations

You are immune to sickness and miasma.
Your stone body is resilient. (AC +4)
You are immune to poison.
You resist negative energy. (rN+)
You are resistant to electric shocks. (rElec)
You are resistant to unholy torment.
You are immune to petrification.


   Skills:
 - Level 4.7 Fighting
 + Level 6.0 Axes
 - Level 3.2 Armour
 - Level 1.0 Dodging
 - Level 3.2 Shields


You had 6 spell levels left.
You didn't know any spells.
Your spell library was empty.

Inventory:

Hand Weapons
 e - a +0 flail
 Y - a +0 war axe (weapon)
Missiles
 m - 3 boomerangs (quivered)
Armour
 b - a +0 scale mail (worn)
 c - a +0 buckler (worn)
 f - a +1 helmet (worn)
 l - a +0 cloak (worn)
 r - a +0 pair of gloves
 s - a +2 scale mail of willpower
Scrolls
 a - a scroll of noise {unknown}
 h - a scroll of butterflies {unknown}
 n - a scroll of identify
 q - a scroll of vulnerability {unknown}
Potions
 d - 2 potions of might
 g - 2 potions of attraction
 i - 2 potions of curing {unknown}
 k - a potion of cancellation
 o - a potion of haste {unknown}
 p - a potion of lignification {unknown}

Dungeon Overview and Level Annotations

Branches:
Dungeon (4/15)
 Temple: D:4-7

Altars:
Uskayaw
Xom

Shops:
D:4 [

Annotations:
D:2 1 runed translucent door, Crazy Yiuf


Message History

You closely miss the orc warrior.
The orc warrior is moderately wounded.
The orc closely misses you.
The orc warrior hits you but does no damage.
You barely miss the orc warrior.
The orc warrior is moderately wounded.
The orc hits you but does no damage.
The orc warrior hits you but does no damage.
You hit the orc warrior.
The orc warrior is severely wounded.
The orc barely misses you.
The orc warrior hits you with a +0 war axe.
The orc hits you but does no damage.
The orc warrior hits you with a +0 war axe!
You hit the orc warrior.
The orc warrior is severely wounded.
The orc hits you but does no damage. You block the orc warrior's attack.
You hit the orc warrior.
The orc warrior is severely wounded.
The orc hits you but does no damage.
The orc warrior hits you with a +0 war axe.
You closely miss the orc warrior.
The orc warrior is severely wounded.
The orc hits you but does no damage.
The orc warrior hits you with a +0 war axe.
3918 ||| READING scroll of teleportation.
As you read the scroll of teleportation, it crumbles to dust.
You feel strangely unstable. The orc barely misses you.
The orc warrior hits you with a +0 war axe!
You barely miss the orc warrior.
The orc warrior is severely wounded.
The orc hits you but does no damage.
The orc warrior hits you but does no damage.
The orc closely misses you. You block the orc warrior's attack.
You closely miss the orc warrior.
The orc warrior is severely wounded.
You block the orc's attack.
The orc warrior hits you with a +0 war axe!
You die...

#.# #.# #.# #.#
#.# #o# #o#
#########@#
#.......#.#
####.#####.#.#
#....# #.#.#
#.#### #...#
###.##.#####..##
#...##.......##
#.####.##....#
###....#....####


You could see an orc warrior and an orc.

Vanquished Creatures
  An ogre (D:3)
  Blork the orc (D:4)
  An orc priest (D:3)
  Terence (D:2)
  Natasha (D:2)
  Robin (D:2)
  9 adders
  7 gnolls
  A worm (D:2)
  A dart slug (D:1)
  6 orcs
  3 endoplasms
  3 giant cockroaches
  5 hobgoblins
  6 jackals
  5 quokkas
  8 ball pythons
  3 bats
  A frilled lizard (D:2)
  12 goblins
  8 kobolds
  4 rats
88 creatures vanquished.

Vanquished Creatures (others)
  A plant (D:1)
1 creature vanquished.

Grand Total: 89 creatures vanquished

Notes
Turn   | Place    | Note
-------+----------+-------------------------------------------
     0 | D:1      | qw the Gargoyle Fighter began the quest for the Orb.
     0 | D:1      | Reached XP level 1. HP: 14/14 MP: 1/1
     0 | D:1      | 0 ||| qw: Version: 0.2-a-10-g37ed214
     0 | D:1      | 0 ||| qw: Game counter: 630
     0 | D:1      | 0 ||| qw: Always use a shield: true
     0 | D:1      | 0 ||| qw: God list: Okawaru
     0 | D:1      | 0 ||| qw: Allow faded altars: false
     0 | D:1      | 0 ||| qw: Do Orc after D:15 true
     0 | D:1      | 0 ||| qw: Do second Lair branch before Depths: true
     0 | D:1      | 0 ||| qw: Lair rune preference: random
     0 | D:1      | 0 ||| qw: Plans: Normal, Zot:1-4, God:TSO, Crypt, Tomb,
                  | Pan, Slime:5, Hells, Abyss, Orb
     0 | D:1      | 0 ||| PLANNING D:1-11
   102 | D:1      | Reached skill level 2 in Axes
   288 | D:1      | Reached XP level 2. HP: 19/19 MP: 2/2
   333 | D:1      | Found a faded altar of an unknown god.
   682 | D:1      | 682 ||| READING scroll labelled ZUJUGE POTUP.
   683 | D:1      | 683 ||| READING scroll labelled XOITRY HALEYL.
   688 | D:1      | 688 ||| READING scroll labelled XALASKESYL.
   689 | D:1      | 689 ||| DRINKING 2 fizzy red potions.
   720 | D:2      | 720 ||| STAIRDANCE
   728 | D:2      | 728 ||| STAIRDANCE
   803 | D:2      | 803 ||| FLEEEEING.
   811 | D:2      | 811 ||| STAIRDANCE
   860 | D:2      | Reached skill level 3 in Axes
   880 | D:2      | Noticed Natasha
   881 | D:2      | 881 ||| Stepping ~*~*~tactically~*~*~ (hiding).
   881 | D:2      | Noticed Terence
   887 | D:2      | Killed Natasha
   888 | D:2      | Reached XP level 3. HP: 14/23 MP: 3/3
   891 | D:2      | Killed Terence
   892 | D:2      | Reached skill level 4 in Axes
   892 | D:2      | Reached XP level 4. HP: 18/28 MP: 4/4
   913 | D:2      | 913 ||| FLEEEEING.
   914 | D:2      | 914 ||| FLEEEEING.
   915 | D:2      | 915 ||| FLEEEEING.
   916 | D:2      | 916 ||| FLEEEEING.
   917 | D:2      | 917 ||| FLEEEEING.
   918 | D:2      | 918 ||| FLEEEEING.
   919 | D:2      | 919 ||| FLEEEEING.
   920 | D:2      | 920 ||| FLEEEEING.
   921 | D:2      | 921 ||| FLEEEEING.
   922 | D:2      | 922 ||| FLEEEEING.
   923 | D:2      | 923 ||| FLEEEEING.
   924 | D:2      | 924 ||| FLEEEEING.
   925 | D:2      | 925 ||| FLEEEEING.
   926 | D:2      | 926 ||| FLEEEEING.
   927 | D:2      | 927 ||| FLEEEEING.
   928 | D:2      | 928 ||| FLEEEEING.
   929 | D:2      | 929 ||| FLEEEEING.
   930 | D:2      | 930 ||| FLEEEEING.
   931 | D:2      | 931 ||| FLEEEEING.
   933 | D:2      | 933 ||| FLEEEEING.
   934 | D:2      | 934 ||| FLEEEEING.
   935 | D:2      | 935 ||| STAIRDANCE
   997 | D:2      | 997 ||| STAIRDANCE
  1131 | D:2      | 1131 ||| STAIRDANCE
  1171 | D:1      | 1171 ||| DROPPING +0 whip.
  1172 | D:1      | 1172 ||| DRINKING 2 viscous clear potions.
  1179 | D:2      | 1179 ||| STAIRDANCE
  1370 | D:2      | 1370 ||| Stepping ~*~*~tactically~*~*~ (stealth).
  1372 | D:2      | 1372 ||| Stepping ~*~*~tactically~*~*~ (hiding).
  1378 | D:2      | Noticed Robin
  1382 | D:2      | 1382 ||| Stepping ~*~*~tactically~*~*~ (hiding).
  1389 | D:2      | Killed Robin
  1390 | D:2      | Reached XP level 5. HP: 15/32 MP: 5/5
  1390 | D:2      | 1390 ||| FLEEEEING.
  1391 | D:2      | 1391 ||| FLEEEEING.
  1392 | D:2      | 1392 ||| STAIRDANCE
  1821 | D:2      | Found a runed translucent door.
  1822 | D:2      | Noticed Crazy Yiuf
  1825 | D:2      | 1825 ||| UPGRADING to +1 helmet.
  1830 | D:2      | 1830 ||| READING scroll labelled UDESHI VAPOEMN.
  1831 | D:2      | 1831 ||| DRINKING 2 grey potions.
  1870 | D:3      | 1870 ||| STAIRDANCE
  1948 | D:3      | 1948 ||| STAIRDANCE
  2032 | D:3      | 2032 ||| STAIRDANCE
  2039 | D:2      | Reached skill level 5 in Axes
  2312 | D:3      | Noticed an ogre
  2313 | D:3      | 2313 ||| Stepping ~*~*~tactically~*~*~ (stealth).
  2319 | D:3      | HP: 4/32 [ogre/+0 giant spiked club (28)]
  2320 | D:3      | 2320 ||| DRINKING potion of heal wounds.
  2324 | D:3      | Killed an ogre
  2325 | D:3      | Reached XP level 6. HP: 22/39 MP: 6/6
  2554 | D:3      | 2554 ||| Stepping ~*~*~tactically~*~*~ (stealth).
  2671 | D:3      | 2671 ||| Stepping ~*~*~tactically~*~*~ (hiding).
  2683 | D:3      | HP: 9/39 [orc priest/nerve-wracking pain (4)]
  2684 | D:3      | Reached skill level 1 in Dodging
  3124 | D:3      | 3124 ||| Stepping ~*~*~tactically~*~*~ (stealth).
  3127 | D:3      | 3127 ||| UPGRADING to +0 cloak.
  3141 | D:3      | Found a shimmering altar of Xom.
  3225 | D:3      | 3225 ||| Stepping ~*~*~tactically~*~*~ (stealth).
  3297 | D:3      | Noticed a +0 dagger
  3298 | D:3      | Found a hide-covered altar of Uskayaw.
  3298 | D:3      | Noticed a +0 dagger
  3598 | D:3      | 3598 ||| READING 3 scrolls labelled FUUFEO MOUCYCAE.
  3599 | D:3      | 3599 ||| DRINKING 2 ruby potions.
  3600 | D:3      | 3600 ||| READING 2 scrolls of identify.
  3600 | D:3      | 3600 ||| IDENTIFYING lumpy clear potion
  3601 | D:3      | 3601 ||| DROPPING potion of brilliance.
  3602 | D:3      | 3602 ||| DROPPING potion of invisibility.
  3603 | D:3      | 3603 ||| DROPPING 2 scrolls of summoning.
  3635 | D:4      | Noticed Blork the orc
  3636 | D:4      | 3636 ||| Stepping ~*~*~tactically~*~*~ (hiding).
  3647 | D:4      | Killed Blork the orc
  3664 | D:4      | Reached XP level 7. HP: 42/44 MP: 7/7
  3721 | D:4      | Reached skill level 6 in Axes
  3755 | D:4      | Found Qytoyfyt's Antique Armour Shop.
  3768 | D:4      | 3768 ||| SHOPLISTING glowing plate armour (520 gold, have
                  | 232).
  3768 | D:4      | 3768 ||| BUYING pair of gloves (90 gold).
  3768 | D:4      | Bought a pair of gloves for 90 gold pieces
  3768 | D:4      | 3768 ||| BUYING shiny scale mail (140 gold).
  3768 | D:4      | Bought a shiny scale mail for 140 gold pieces
  3917 | D:4      | HP: 9/44 [orc warrior/+0 war axe (6)]
  3918 | D:4      | 3918 ||| READING scroll of teleportation.
  3918 | D:4      | HP: 1/44 [orc warrior/+0 war axe (8)]
  3920 | D:4      | Demolished by an orc warrior

Levels and vault maps discovered:
D:1:      kennysheep_arrival_seaside, layout_basic,
          hellmonk_ecumenical_altar_leap_of_faith, hangedman_decor_lopped
D:2:      layout_rooms, uniq_crazy_yiuf_cottage, uniq_terence, uniq_natasha,
          uniq_robin
D:3:      layout_basic, dancing_weapons_uskayaw, tgw_xom
D:4:      layout_basic, makhleb_heckhound_becter, serial_shops, shop,
          uniq_blork_the_orc

Skill      XL: |  1  2  3  4  5  6  7 |
---------------+----------------------+-----
Axes           | 2 3 4 5 6 |  6.0
Fighting       | 4 |  4.7
Dodging        | 1 |  1.0
Armour         | |  3.2
Shields        | |  3.2

Action                   |  1- 3 |  4- 6 |  7- 9 || total
-------------------------+-------+-------+-------++-------
Melee: War axe           |    74 |   150 |    41 ||   265
Throw: Boomerang         |       |    14 |     5 ||    19
  Use: Scroll            |     3 |     3 |     1 ||     7
       Potion            |     1 |     4 |       ||     5
Armor: Scale mail        |    37 |    87 |    23 ||   147
Dodge: Dodged            |    35 |    71 |    26 ||   132
Block: Buckler           |    18 |    28 |     8 ||    54

Table legend:
 A = Non-vault XP
 B = Vault XP
 C = Vault XP percentage of total XP
 D = Non-vault monster count
 E = Vault monster count
 F = Vault count percentage of total count
                 A         B        C        D         E       F
            +---------+---------+-------+---------+---------+-------
      Total |     478 |     211 |  30.6 |      69 |      19 |  21.6
            +---------+---------+-------+---------+---------+-------
        D:1 |      66 |       0 |   0.0 |      18 |       0 |   0.0
        D:2 |      57 |     104 |  64.6 |      17 |      14 |  45.2
        D:3 |     271 |       8 |   2.9 |      21 |       4 |  16.0
        D:4 |      84 |      99 |  54.1 |      13 |       1 |   7.1
            +---------+---------+-------+---------+---------+-------
